 Dungeon Sprint DCSS version 0.28-a0-1387-g3a22ab9bdc (webtiles) character file.

Game seed: 5834453244432093513

101917 HallandMoats the Demonic Cataclysm (level 15, -1/146 HPs)
             Began as a Demonspawn Monk on Jan 3, 2022.
             Was a High Priest of Qazlal.
             Slain by an iron golem (21 damage)
             ... in the Dungeon (Sprint V: "Ziggurat Sprint").
             The game lasted 00:22:25 (3068 turns).

HallandMoats the Demonic Cataclysm (DsMo)           Turns: 3068, Time: 00:22:26

Health: -1/146     AC: 35    Str: 21    XL:     15   Next: 84%
Magic:  0/32       EV: 17    Int: 10    God:    Qazlal [*****.]
Gold:   493        SH: 35    Dex: 25    Spells: 14/14 levels left

rFire   + . .      SeeInvis +   C - +14 obsidian axe {vorpal, Mesm Drain Fly SInv}
rCold   + . .      Faith    .   D - +18 shield of the Gong {rElec rN+ Will+ EV-5}
rNeg    + . .      Spirit   +   i - +5 gold dragon scales
rPois   +          Reflect  .   z - +0 mask of the Dragon {Will+ Slay+3 SInv}
rElec   +          Harm     .   (cloak unavailable)
rCorr   .          Rampage  .   q - +2 pair of gloves {hurl}
Will    ++++.      NoTele   +   (no boots)
Stlth   ..........              y - amulet of guardian spirit
HPRegen 0.34/turn               F - ring of Kuydodghi {Will+ Str+6}
MPRegen 0.23/turn               w - ring of Xedghoc {Dex+6 Slay+3}

@: agile, protected from physical damage, flying, mesmerised, studying
Necromancy, repel missiles
A: powered by pain 3, spiny 1, sturdy frame 2, weakness stinger 3, dopey 1
a: Renounce Religion, Upheaval, Elemental Force, Disaster Area


You were in the Dungeon.
You worshipped Qazlal.
Qazlal was extremely pleased with you.
You visited 1 branch You collected 493 gold pieces.

Inventory:

Hand Weapons
 C - the +14 obsidian axe (weapon) {vorpal, Mesm Drain Fly SInv}
   (You found it in the Dungeon)

   It inflicts extra damage upon your enemies.
   It occasionally summons demons to assist the wielder when it strikes in
   combat.
   Its wielder is mesmerised by any visible foes.
   It cannot be unequipped while any foes are visible.
   SInv:      It lets you see invisible.
   Fly:       It grants you flight.
   Drain:     It drains your maximum health when unequipped.
 M - the +7 sceptre of Torment {pain, torment}
   (You took it off a green draconian in the Dungeon)

   In the hands of one skilled in necromantic magic, it inflicts extra damage on
   living creatures.
   It occasionally torments all nearby living foes when it strikes in combat.
Armour
 i - +5 gold dragon scales (worn)
 q - a +2 pair of gloves of hurling (worn)
 x - an orb of light
 z - the +0 mask of the Dragon (worn) {Will+ Slay+3 SInv}
   (You found it in the Dungeon)

   Slay:      It affects your accuracy & damage with ranged weapons and melee
   (+3).
   SInv:      It lets you see invisible.
   Will:      It increases your willpower.
 D - the +18 shield of the Gong (worn) {rElec rN+ Will+ EV-5}
   (You found it in the Dungeon)

   It is deafeningly noisy when blocking attacks.
   EV:        It affects your evasion (-5).
   rElec:     It insulates you from electricity.
   rN:        It protects you from negative energy.
   Will:      It increases your willpower.
Jewellery
 b - the ring of Xom's Passing Interest {rN+ Slay+3}
   (You found it in the Dungeon)

   [ring of positive energy]

   Slay:      It affects your accuracy & damage with ranged weapons and melee
   (+3).
   rN:        It protects you from negative energy.
 t - a +4 ring of slaying
 u - the ring "Iri Geraca" {Fire rPois Will+ Dex+4}
   (You found it in the Dungeon)

   [ring of fire]

   It enhances your fire magic.
   Dex:       It affects your dexterity (+4).
   rF:        It protects you from fire.
   rC:        It makes you vulnerable to cold.
   rPois:     It protects you from poison.
   Will:      It increases your willpower.
 w - the ring of Xedghoc (right hand) {Dex+6 Slay+3}
   (You found it in the Dungeon)

   [ring of dexterity]

   Dex:       It affects your dexterity (+6).
   Slay:      It affects your accuracy & damage with ranged weapons and melee
   (+3).
 y - an amulet of guardian spirit (around neck)
 F - the ring of Kuydodghi (left hand) {Will+ Str+6}
   (You found it in the Dungeon)

   [ring of willpower]

   Str:       It affects your strength (+6).
   Will:      It increases your willpower.
 J - the ring "Zemubim" {rC+ MP+9}
   (You found it in the Dungeon)

   [ring of magical power]

   rC:        It protects you from cold.
   MP:        It affects your magic capacity (+9).
 L - the necklace of Bloodlust {*Rage Will++ Int-3 Slay+6}
   (You found it in the Dungeon)

   [amulet of nothing]

   It extends the wearer's berserk rage when killing foes.
   Int:       It affects your intelligence (-3).
   Slay:      It affects your accuracy & damage with ranged weapons and melee
   (+6).
   *Rage:     It berserks you when you make melee attacks (+50% chance).
   Will:      It greatly increases your willpower.
 N - the amulet "Ivawkaz" {Faith rPois Dex+4}
   (You took it off a white draconian in the Dungeon)

   [amulet of faith]

   It allows you to gain divine favour quickly.
   Dex:       It affects your dexterity (+4).
   rPois:     It protects you from poison.
 O - a ring of resist corrosion
Scrolls
 a - 5 scrolls of brand weapon
 h - 4 scrolls of blinking
 j - 4 scrolls of amnesia
 k - 7 scrolls of fog
 l - 5 scrolls of identify
 m - 2 scrolls of fear
 P - a scroll of acquirement
Potions
 c - 10 potions of curing
 d - 14 potions of heal wounds
 e - 11 potions of haste
 f - 4 potions of magic
 g - 3 potions of berserk rage
 n - 2 potions of brilliance
 o - 2 potions of invisibility
 p - 3 potions of resistance
 r - 4 potions of might
Miscellaneous
 s - a phantom mirror
 v - a piece from Xom's chessboard (15/15)
 A - a phial of floods
 B - a box of beasts
 E - a piece from Xom's chessboard (15/15)
 G - a condenser vane
 H - a piece from Xom's chessboard (15/15)
 I - a piece from Xom's chessboard (15/15)
 K - a piece from Xom's chessboard (15/15)


   Skills:
 + Level 22.1 Fighting
 + Level 20.5 Axes
 + Level 20.3 Armour
 + Level 20.5 Dodging
 - Level 1.7 Stealth
 O Level 27 Invocations


You had 14 spell levels left.
You didn't know any spells.
Your spell library contained the following spells:

 Spells                   Type           Power      Damage    Failure   Level
 Apportation              Tloc           0%         N/A       100%        1
 Foxfire                  Conj/Fire      0%         2x1d4     100%        1
 Shock                    Conj/Air       0%         1d3       100%        1
 Slow                     Hex            0%         N/A       100%        1
 Ensorcelled Hibernation  Hex/Ice        0%         N/A       100%        2
 Static Discharge         Conj/Air       0%         N/A       100%        2
 Sublimation of Blood     Necr           0%         N/A       100%        2
 Conjure Flame            Conj/Fire      0%         6-21      100%        3
 Dazzling Flash           Conj/Hex       0%         N/A       100%        3
 Frozen Ramparts          Ice            0%         1d2       100%        3
 Ignite Poison            Fire/Tmut/Pois 0%         N/A       100%        3
 Inner Flame              Hex/Fire       0%         N/A       100%        3
 Lesser Beckoning         Tloc           0%         N/A       100%        3
 Ozocubu's Armour         Ice            0%         N/A       100%        3
 Portal Projectile        Hex/Tloc       0%         N/A       100%        3
 Summon Guardian Golem    Hex/Summ       0%         N/A       100%        3
 Swiftness                Air            0%         N/A       100%        3
 Tukima's Dance           Hex            0%         N/A       100%        3
 Airstrike                Air            0%         N/A       100%        4
 Animate Dead             Necr           0%         N/A       100%        4
 Flame Wave               Conj/Fire      0%         2d4       100%        4
 Fulminant Prism          Conj/Hex       0%         3d6       100%        4
 Iskenderun's Mystic Bla  Conj/Tloc      0%         2d3       100%        4
 Passage of Golubria      Tloc           0%         N/A       100%        4
 Petrify                  Tmut/Erth      0%         N/A       100%        4
 Borgnjor's Vile Clutch   Necr/Erth      0%         N/A       100%        5
 Fireball                 Conj/Fire      0%         3d3       100%        5
 Freezing Cloud           Conj/Ice/Air   0%         6-21      100%        5
 Irradiate                Conj/Tmut      0%         3d13      100%        5
 Lee's Rapid Deconstruct  Erth           0%         3d5*      100%        5
 Lightning Bolt           Conj/Air       0%         1d11      100%        5
 Metabolic Englaciation   Hex/Ice        0%         N/A       100%        5
 Silence                  Hex/Air        0%         N/A       100%        5
 Yara's Violent Unravell  Hex/Tmut       0%         3d3       100%        5
 Conjure Ball Lightning   Conj/Air       0%         3x3d6     100%        6
 Death Channel            Necr           0%         N/A       100%        6
 Eringya's Noxious Bog    Tmut/Pois      0%         N/A       100%        6
 Simulacrum               Ice/Necr       0%         N/A       100%        6
 Enfeeble                 Hex            0%         N/A       100%        7
 Discord                  Hex            0%         N/A       100%        8
 Disjunction              Tloc           0%         N/A       100%        8
 Necromutation            Tmut/Necr      0%         N/A       100%        8
 Fire Storm               Conj/Fire      0%         5d1       100%        9


Dungeon Overview and Level Annotations

Branches:
Dungeon (1/1)

Altars:
Ashenzari
Cheibriados
Dithmenos
Elyvilon
Fedhas
Gozag
Hepliaklqana
Kikubaaqudgha
Makhleb
Nemelex Xobeh
Okawaru
Qazlal
Ru
Sif Muna
Trog
Uskayaw
Vehumet
Wu Jian
Xom
Yredelemnul
Zin
The Shining One
Beogh
Jiyva
Lugonu


Innate Abilities, Weirdness & Mutations

You are powered by pain.
You are partially covered in sharp spines.
Your movements are less encumbered by armour. (ER -4)
You have a sharp stinger which inflicts weakening toxins.
You are dopey. (Int -2)


Message History

BOUMMMMG!
You slice the iron golem!!
The iron golem is severely damaged.
You hit the iron golem but do no damage.
Visions of slaying the iron golem flood into your mind.
Your ynoxinul gestures.
You block the iron golem's attack.
BOUMMMMG!
You block the iron golem's attack.
PANG!
You block the iron golem's attack.
GONNNNG!
The iron golem hits you.
* * * LOW HITPOINT WARNING * * *
You slash the iron golem!
The iron golem is severely damaged.
You completely miss the iron golem.
Your ynoxinul gestures.
You block the iron golem's attack.
BONNNG!
You block the iron golem's attack.
PTOANNNG!
Your ufetubus is engulfed in blazing flames.
You kill your ufetubus!
Your ufetubus disappears in a puff of smoke!
You block the iron golem's attack.
GONNNNG!
The iron golem hits you!
* * * LOW HITPOINT WARNING * * *
Unknown command.
You slice the iron golem!!
The iron golem is severely damaged.
You hit the iron golem.
Visions of slaying the iron golem flood into your mind.
You block the iron golem's attack.
PANG!
You block the iron golem's attack.
GONNNNG!
The iron golem hits you!!
You die...

▓...[)..)
≈≈=..≈...|.≈≈.}▓.....[).
≈...≈.....≈.≈≈≈▓........
.≈≈(.≈..[).≈...▓........
≈≈≈.≈..≈≈≈.|≈..▓........
.≈≈≈≈.≈.≈.†.≈≈≈▓..▓.....
≈.≈≈..≈☼(§....≈▓........
.≈.≈.599.≈≈....▓........
.≈.≈≈≈.@○≈.≈≈..▓......©.
..(...3.§°≈.≈≈≈▓▓▓▓▓▓▓▓▓
..5▓≈°5..§≈▓≈≈. .
▓.▓55≈.≈▓≈▓ .
...▓..5...≈▓...
...≈...........
...≈...©..≈≈≈..
▓▓▓▓▓▓▓▓▓▓▓▓▓▓▓


You could see 2 iron golems, a friendly ynoxinul (summoned) and 6 friendly
ufetubi.

Vanquished Creatures
  2 caustic shrikes (D)
  A Hell Sentinel (D)
  A lich (D)
  6 quicksilver dragons (D)
  7 ancient champions (D)
  A draconian knight (D)
  An emperor scorpion (D)
  2 nagarajas (D)
  5 iron dragons (D)
  A draconian annihilator (D)
  3 draconian scorchers (D)
  A draconian stormcaller (D)
  4 war gargoyles (D)
  4 very ugly things (D)
  2 green draconians (D)
  5 stone giants (D)
  A black draconian (D)
  A vampire knight (D)
  4 white draconians (D)
  3 yellow draconians (D)
  An entropy weaver (D)
  A purple draconian (D)
  3 red draconians (D)
  3 iron golems (D)
  4 merfolk javelineers (D)
  6 crystal guardians (D)
  2 merfolk impalers (D)
  A naga warrior (D)
  A hydra (D)
  A radroach (shapeshifter) (D)
  A merfolk aquamancer (D)
  3 anacondas (shapeshifter) (D)
  A satyr (shapeshifter) (D)
  A radroach (D)
  A merfolk avatar (D)
  A two-headed ogre (D)
  A shock serpent (shapeshifter) (D)
  2 crystal echidnas (D)
  A pharaoh ant (D)
  A steelbarb worm (shapeshifter) (D)
  A steelbarb worm (D)
  A sun moth (D)
  2 orb spiders (shapeshifter) (D)
  An orb spider (D)
  A sea snake (D)
  4 necromancers (D)
  3 wolf spiders (D)
  A cyclops (shapeshifter) (D)
  2 cyclopes (D)
  2 shining eyes (D)
  2 ugly things (D)
  A black mamba (D)
  A manticore (D)
  2 moths of wrath (D)
  An eye of devastation (shapeshifter) (D)
  A water nymph (D)
  A guardian serpent (D)
  A torpor snail (D)
  2 cane toads (D)
  A torpor snail (shapeshifter) (D)
  An unseen horror (shapeshifter) (D)
  A gargoyle (D)
  A komodo dragon (shapeshifter) (D)
  A rime drake (shapeshifter) (D)
  A tormentor (D)
  3 demonic crawlers (D)
  A meliai (shapeshifter) (D)
  A meliai (D)
  A polar bear (shapeshifter) (D)
  2 hornets (D)
  2 tarantellas (shapeshifter) (D)
  A snapping turtle (D)
  A tarantella (D)
  A jumping spider (shapeshifter) (D)
  2 jumping spiders (D)
  A snapping turtle (shapeshifter) (D)
  Sigmund (D)
  A water elemental (D)
  2 yaks (D)
  2 shadows (D)
  3 vampires (D)
  A golden eye (D)
  7 neqoxecs (D)
  A redback (D)
  A naga (D)
  2 water moccasins (D)
  A floating eye (shapeshifter) (D)
  A swamp worm (shapeshifter) (D)
  Duvessa (D)
  5 orc warriors (D)
  A necrophage (D)
  An ogre (D)
  A wolf (D)
  Blork the orc (D)
  4 earth elementals (D)
  3 scorpions (D)
  Dowan (D)
  5 wights (D)
  6 orc priests (D)
  A jelly (D)
  Crazy Yiuf (D)
  Jessica (D)
  5 orc wizards (D)
  5 adders (D)
  A river rat (D)
  3 orcs (D)
  A bat skeleton (D)
  2 jackals (D)
  2 giant cockroach zombies (D)
  A jackal skeleton (D)
218 creatures vanquished.

Vanquished Creatures (collateral kills)
  2 vampire knights (D)
  A white draconian (D)
  2 red draconians (D)
  2 purple draconians (D)
  A naga warrior (D)
  A vampire mage (D)
  A skeletal warrior (D)
  A wolf spider (D)
  A naga mage (D)
  A naga (D)
  An ogre (D)
  A phantom (D)
  A wight (D)
  An orc priest (D)
  An adder (D)
  3 ball pythons (D)
  A quokka skeleton (D)
22 creatures vanquished.

Vanquished Creatures (others)
  An adder (D)
1 creature vanquished.

Grand Total: 241 creatures vanquished

Notes
Turn   | Place    | Note
-------+----------+-------------------------------------------
     0 | D        | HallandMoats the Demonspawn Monk began the quest for the
                  | Orb.
     0 | D        | Reached XP level 1. HP: 18/18 MP: 1/1
     3 | D        | Found a blossoming altar of Fedhas.
     3 | D        | Found the +6 Majin-Bo {vamp, MP+6 Int+6}
     3 | D        | Found the +9 heavy crossbow "Sniper" {vorpal, Acc+∞ SInv}
     3 | D        | Found the +10 dark maul {vorpal}
     3 | D        | Found the +15 Maxwell's patent armour {-Cast -Tele rElec
                  | Will+ rCorr}
     3 | D        | Found the +18 shield of the Gong {rElec rN+ Will+ EV-5}
     3 | D        | Found the +14 obsidian axe {vorpal, Mesm Drain Fly SInv}
     3 | D        | Found the +7 great mace "Firestarter" {inner flame, rF++}
     3 | D        | Found the +6 shillelagh "Devastator" {shatter}
     3 | D        | Found the +11 plutonium sword {Contam Stlth-}
     3 | D        | Found the +8 lance "Wyrmbane" {slay drac, rPois rF+ rC+
                  | AC+3}
     3 | D        | Found the +9 sword of Zonguldrok {reap}
     3 | D        | Found the +13 scythe of Curses {drain, Drain}
     3 | D        | Found the +5 sword of Power {vorpal}
     3 | D        | Found the +7 mace of Variability {chain chaos}
     3 | D        | Found the +7 Singing Sword {vorpal, sonic wave}
     3 | D        | Found the +8 storm bow {elec, penet}
     4 | D        | Found a viscous altar of Jiyva.
     4 | D        | Found a hazy altar of Hepliaklqana.
     4 | D        | Found a transporter.
     4 | D        | Found an opulent altar of Gozag.
     4 | D        | Found an ancient bone altar of Kikubaaqudgha.
     4 | D        | Found a corrupted altar of Lugonu.
     6 | D        | Found a burning altar of Makhleb.
     7 | D        | Found a sacrificial altar of Ru.
     7 | D        | Found a shimmering blue altar of Sif Muna.
     7 | D        | Found a stormy altar of Qazlal.
     7 | D        | Found a bloodstained altar of Trog.
     7 | D        | Found an iron altar of Okawaru.
     7 | D        | Found a sparkling altar of Nemelex Xobeh.
    29 | D        | Became a worshipper of Qazlal Stormbringer
    29 | D        | Reached * piety under Qazlal
    29 | D        | Reached ** piety under Qazlal
    64 | D        | Reached skill level 9 in Invocations
    64 | D        | Gained mutation: You are partially covered in sharp spines.
                  | [demonic ancestry]
    64 | D        | Reached XP level 2. HP: 24/24 MP: 1/7
   126 | D        | Entered arena 2.
   126 | D        | Noticed a golden eye
   126 | D        | Found a transporter.
   129 | D        | Killed a golden eye
   130 | D        | Reached skill level 11 in Invocations
   130 | D        | Gained mutation: You sometimes gain a little power by
                  | taking damage. [demonic ancestry]
   130 | D        | Reached XP level 3. HP: 30/31 MP: 8/10
   130 | D        | Gained mutation: You have a small tail. [demonic ancestry]
   130 | D        | Reached XP level 4. HP: 37/38 MP: 8/11
   130 | D        | Gained mutation: You sometimes gain power by taking damage.
                  | [demonic ancestry]
   130 | D        | Reached XP level 5. HP: 41/43 MP: 9/13
   160 | D        | Entered arena 3.
   160 | D        | Found a transporter.
   162 | D        | Reached *** piety under Qazlal
   163 | D        | Reached skill level 12 in Invocations
   170 | D        | Entered arena 4.
   170 | D        | Noticed a jumping spider
   170 | D        | Found a transporter.
   173 | D        | Reached skill level 5 in Fighting
   174 | D        | Gained mutation: You are powered by pain. [demonic
                  | ancestry]
   174 | D        | Reached XP level 6. HP: 43/51 MP: 15/15
   174 | D        | Killed a jumping spider
   174 | D        | Reached **** piety under Qazlal
   175 | D        | Reached skill level 5 in Axes
   175 | D        | Reached skill level 5 in Dodging
   175 | D        | Reached skill level 14 in Invocations
   175 | D        | Gained mutation: Your movements are slightly less
                  | encumbered by armour. (ER -2) [demonic ancestry]
   175 | D        | Reached XP level 7. HP: 49/58 MP: 15/17
   178 | D        | Got the ring of Qeanilur {Wiz Dex+3}
   180 | D        | Got the Collected Works on Displacement and Curses
   220 | D        | Entered arena 5.
   220 | D        | Noticed a cyclops
   220 | D        | Noticed a two-headed ogre
   220 | D        | Found a transporter.
   225 | D        | Reached skill level 5 in Armour
   225 | D        | Killed a two-headed ogre
   226 | D        | Reached skill level 15 in Invocations
   226 | D        | Reached XP level 8. HP: 67/67 MP: 17/19
   228 | D        | Killed a cyclops
   228 | D        | Reached ***** piety under Qazlal
   229 | D        | Reached skill level 16 in Invocations
   240 | D        | Entered arena 6.
   240 | D        | Found a transporter.
   304 | D        | Entered arena 7.
   304 | D        | Noticed Sigmund
   304 | D        | Noticed Jessica
   304 | D        | Noticed Blork the orc
   304 | D        | Noticed Crazy Yiuf
   304 | D        | Noticed Dowan
   304 | D        | Noticed Duvessa
   305 | D        | Found a transporter.
   308 | D        | Killed Dowan
   308 | D        | Killed Crazy Yiuf
   309 | D        | Killed Duvessa
   310 | D        | Reached skill level 17 in Invocations
   310 | D        | Gained mutation: You have a tail ending in a sharp stinger.
                  | [demonic ancestry]
   310 | D        | Reached XP level 9. HP: 68/75 MP: 21/21
   311 | D        | Killed Jessica
   311 | D        | Killed Sigmund
   313 | D        | Killed Blork the orc
   313 | D        | Reached ****** piety under Qazlal
   326 | D        | Entered arena 8.
   327 | D        | Found a transporter.
   338 | D        | Got the ring "Iri Geraca" {Fire rPois Will+ Dex+4}
   342 | D        | Entered arena 9.
   343 | D        | Found a transporter.
   349 | D        | Reached skill level 18 in Invocations
   468 | D        | Entered arena 10.
   469 | D        | Found a transporter.
   485 | D        | Got the ring of Xedghoc {Dex+6 Slay+3}
   670 | D        | Entered arena 11.
   670 | D        | Found the +0 mask of the Dragon {Will+ Slay+3 SInv}
   670 | D        | Noticed a cane toad
   670 | D        | Noticed a cane toad
   670 | D        | Noticed a five-headed hydra
   671 | D        | Found a transporter.
   676 | D        | Killed a cane toad
   678 | D        | Killed a cane toad
   679 | D        | Reached skill level 19 in Invocations
   679 | D        | Reached XP level 10. HP: 42/85 MP: 23/23
   679 | D        | Killed a nine-headed hydra
   680 | D        | Reached skill level 10 in Fighting
   685 | D        | Got the Incunabulum of Cold and Orientation
   691 | D        | Got the Grimoire of Contamination and Heat
   972 | D        | Entered arena 12.
   972 | D        | Noticed a steelbarb worm
   972 | D        | Noticed a wolf spider
   972 | D        | Noticed a wolf spider
   972 | D        | Noticed a sun moth
   973 | D        | Noticed a wolf spider
   974 | D        | Found a transporter.
   975 | D        | Killed a wolf spider
   975 | D        | Killed a sun moth
   976 | D        | Reached skill level 20 in Invocations
   979 | D        | Reached skill level 10 in Dodging
   979 | D        | Killed a steelbarb worm
   979 | D        | Killed a wolf spider
   980 | D        | Reached skill level 10 in Axes
   980 | D        | Killed a wolf spider
   981 | D        | Reached skill level 21 in Invocations
   981 | D        | Gained mutation: You have a sharp stinger which inflicts
                  | weakening toxins. [demonic ancestry]
   981 | D        | Reached XP level 11. HP: 29/93 MP: 13/25
  1395 | D        | Got the ring of Kuydodghi {Will+ Str+6}
  1402 | D        | Entered arena 13.
  1402 | D        | Noticed a lindwurm
  1402 | D        | Noticed an orb spider
  1402 | D        | Noticed a green ugly thing
  1402 | D        | Noticed a white very ugly thing
  1402 | D        | Noticed a shining eye
  1404 | D        | Found a transporter.
  1404 | D        | Noticed a shock serpent
  1404 | D        | a floating eye changed into a shock serpent
  1404 | D        | Noticed an orb spider
  1404 | D        | a lindwurm changed into an orb spider
  1405 | D        | Killed an orb spider
  1405 | D        | Killed a white ugly thing
  1405 | D        | Killed a white very ugly thing
  1405 | D        | Killed a shock serpent
  1405 | D        | Killed an orb spider
  1405 | D        | Killed a shining eye
  1406 | D        | Reached skill level 10 in Armour
  1406 | D        | Reached skill level 22 in Invocations
  1446 | D        | Entered arena 14.
  1447 | D        | Noticed a mana viper
  1447 | D        | Noticed a green ugly thing
  1447 | D        | Noticed an anaconda
  1448 | D        | Noticed a steelbarb worm
  1448 | D        | a mana viper changed into a steelbarb worm
  1449 | D        | Found a transporter.
  1449 | D        | Gained mutation: You are dopey. (Int -2) [a neqoxec]
  1450 | D        | Killed a green ugly thing
  1450 | D        | Killed an anaconda
  1450 | D        | Killed a steelbarb worm
  1451 | D        | Reached skill level 23 in Invocations
  1475 | D        | Entered arena 15.
  1475 | D        | Noticed an emperor scorpion
  1475 | D        | Noticed an orb spider
  1476 | D        | Noticed an entropy weaver
  1476 | D        | Noticed a radroach
  1476 | D        | Noticed a pharaoh ant
  1476 | D        | Noticed a wolf spider
  1478 | D        | Killed an orb spider
  1478 | D        | Killed a pharaoh ant
  1478 | D        | Killed a wolf spider
  1478 | D        | Killed a radroach
  1478 | D        | Killed an entropy weaver
  1479 | D        | Reached skill level 24 in Invocations
  1479 | D        | Reached XP level 12. HP: 105/105 MP: 16/28
  1479 | D        | Paralysed by a hornet for 3 turns
  1481 | D        | Killed an emperor scorpion
  1747 | D        | Found a transporter.
  1756 | D        | Got the ring of Xom's Passing Interest {rN+ Slay+3}
  1762 | D        | Acquired 493 gold pieces
  1769 | D        | Entered arena 16.
  1769 | D        | Noticed a merfolk impaler
  1769 | D        | Noticed a merfolk javelineer
  1770 | D        | Noticed a merfolk avatar
  1770 | D        | Noticed a merfolk impaler
  1770 | D        | Noticed a merfolk javelineer
  1771 | D        | Noticed a merfolk javelineer
  1771 | D        | Noticed a merfolk aquamancer
  1771 | D        | Noticed a merfolk javelineer
  1772 | D        | Killed a merfolk avatar
  1772 | D        | Killed a merfolk impaler
  1772 | D        | Killed a merfolk javelineer
  1772 | D        | Killed a merfolk javelineer
  1772 | D        | Killed a merfolk impaler
  1772 | D        | Killed a merfolk aquamancer
  1772 | D        | Killed a merfolk javelineer
  1772 | D        | Killed a merfolk javelineer
  1773 | D        | Reached skill level 26 in Invocations
  1773 | D        | Reached XP level 13. HP: 110/114 MP: 19/30
  1776 | D        | Found a transporter.
  1790 | D        | Got Wahis's Grimoire of Gliding Flames
  1802 | D        | Entered arena 17.
  1805 | D        | Noticed a spark wasp
  1806 | D        | Noticed a green very ugly thing
  1807 | D        | Noticed a purple very ugly thing
  1807 | D        | Noticed a purple very ugly thing
  1808 | D        | Found a transporter.
  1809 | D        | Killed a purple very ugly thing
  1809 | D        | Killed a purple very ugly thing
  1809 | D        | Killed a green very ugly thing
  1809 | D        | a spark wasp changed into a radroach
  1810 | D        | Reached skill level 15 in Fighting
  1810 | D        | Reached skill level 27 in Invocations
  1817 | D        | Got the ring "Zemubim" {rC+ MP+9}
  1873 | D        | Entered arena 18.
  1876 | D        | Noticed a nagaraja
  1877 | D        | Identified the +2 robe of the Serpent {Regen+ Slay+3 SInv}
  1877 | D        | Noticed a nagaraja
  1878 | D        | Found a transporter.
  1892 | D        | Killed a nagaraja
  1895 | D        | Killed a nagaraja
  2306 | D        | Entered arena 19.
  2307 | D        | Noticed a caustic shrike
  2307 | D        | Noticed a war gargoyle
  2308 | D        | Noticed an ancient champion
  2308 | D        | Noticed an ancient champion
  2308 | D        | Noticed an ancient champion
  2308 | D        | Noticed an iron golem
  2308 | D        | Noticed a war gargoyle
  2308 | D        | Noticed a caustic shrike
  2308 | D        | Noticed a war gargoyle
  2308 | D        | Noticed a war gargoyle
  2309 | D        | Noticed an iron dragon
  2309 | D        | Noticed an iron dragon
  2309 | D        | Noticed an ancient champion
  2309 | D        | Noticed an ancient champion
  2309 | D        | Noticed an ancient champion
  2309 | D        | Noticed a Hell Sentinel
  2309 | D        | Noticed an ancient champion
  2309 | D        | Found the necklace of Bloodlust {*Rage Will++ Int-3 Slay+6}
  2310 | D        | Killed a war gargoyle
  2310 | D        | Killed a war gargoyle
  2310 | D        | Killed an ancient champion
  2310 | D        | Killed an ancient champion
  2310 | D        | Killed an ancient champion
  2310 | D        | Killed a war gargoyle
  2310 | D        | Killed an ancient champion
  2310 | D        | Killed a war gargoyle
  2310 | D        | Killed an ancient champion
  2310 | D        | Killed a caustic shrike
  2310 | D        | Killed an ancient champion
  2310 | D        | Killed an ancient champion
  2311 | D        | Reached XP level 14. HP: 109/129 MP: 18/31
  2311 | D        | Killed an iron dragon
  2311 | D        | Killed an iron dragon
  2313 | D        | Killed a caustic shrike
  2316 | D        | Killed a Hell Sentinel
  2317 | D        | Found a transporter.
  2765 | D        | Got the Guide on Feathers
  2769 | D        | Entered arena 20.
  2773 | D        | Noticed a vampire knight
  2774 | D        | Noticed a vampire knight
  2774 | D        | Noticed a lich
  2774 | D        | Noticed a vampire knight
  2774 | D        | Identified the ring "Miklunud" {rF- rC+ rCorr Dex+2 Slay+4}
  2775 | D        | Killed a lich
  2775 | D        | Killed a vampire knight
  2778 | D        | Killed a vampire knight
  2779 | D        | Killed a vampire knight
  2780 | D        | Found a transporter.
  2794 | D        | Got the Almanac of Enchanting Shape Shifting
  2803 | D        | Entered arena 21.
  2807 | D        | Noticed a red draconian scorcher
  2808 | D        | Noticed a yellow draconian annihilator
  2808 | D        | Noticed a red draconian scorcher
  2808 | D        | Noticed a white draconian stormcaller
  2808 | D        | Identified the amulet "Ivawkaz" {Faith rPois Dex+4}
  2808 | D        | Noticed a red draconian scorcher
  2808 | D        | Noticed a black draconian knight
  2809 | D        | Killed a red draconian scorcher
  2809 | D        | Killed a red draconian scorcher
  2809 | D        | Killed a white draconian stormcaller
  2809 | D        | Killed a red draconian scorcher
  2810 | D        | Gained mutation: Your movements are less encumbered by
                  | armour. (ER -4) [demonic ancestry]
  2810 | D        | Reached XP level 15. HP: 97/141 MP: 11/32
  2813 | D        | Killed a black draconian knight
  2817 | D        | Found a transporter.
  3032 | D        | Got the Volume of Vitriolic Enchantment
  3045 | D        | Entered arena 22.
  3048 | D        | Noticed a quicksilver dragon
  3048 | D        | Noticed a quicksilver dragon
  3049 | D        | Noticed a quicksilver dragon
  3050 | D        | Noticed a quicksilver dragon
  3050 | D        | Noticed an iron dragon
  3050 | D        | Noticed an iron dragon
  3050 | D        | Noticed a quicksilver dragon
  3050 | D        | Found the +3 pair of seven-league boots {Rampage+∞}
  3051 | D        | Noticed an iron dragon
  3051 | D        | Noticed a quicksilver dragon
  3052 | D        | Killed a quicksilver dragon
  3052 | D        | Killed a quicksilver dragon
  3052 | D        | Killed a quicksilver dragon
  3052 | D        | Killed a quicksilver dragon
  3052 | D        | Killed an iron dragon
  3052 | D        | Killed an iron dragon
  3053 | D        | Killed an iron dragon
  3058 | D        | Killed a quicksilver dragon
  3061 | D        | Killed a quicksilver dragon
  3068 | D        | Slain by an iron golem

Illustrated notes

Levels and vault maps discovered:
D:        sprint_v [room_start, room_1, room_2, room_3, room_4, room_5, room_6,
          room_7, room_8, room_9, room_10, room_11, room_12, room_13, room_14,
          room_15, room_16, room_17, room_18, room_19, room_20, room_21,
          room_22, room_23, room_24, room_25, room_26, room_27]

Skill      XL: |  1  2  3  4  5  6  7  8  9 10 11 12 13 14 15 |
---------------+----------------------------------------------+-----
Invocations    | 9 11 12 14 15 17 19 21 24 26 27 | 27.0
Fighting       | 4 5 6 7 8 9 11 13 14 17 20 22 | 22.1
Axes           | 4 5 6 7 9 10 12 13 16 18 20 | 20.5
Armour         | 2 4 6 7 8 9 12 13 16 18 20 | 20.3
Dodging        | 4 5 6 7 9 10 12 13 16 18 20 | 20.5
Stealth        | |  1.7

Action                   |  1- 3 |  4- 6 |  7- 9 | 10-12 | 13-15 || total
-------------------------+-------+-------+-------+-------+-------++-------
Melee: Broad axe         |     2 |     6 |    37 |    14 |    39 ||    98
       Tailslap          |       |     2 |     3 |     5 |    11 ||    21
Invok: Disaster Area     |       |       |       |     5 |    11 ||    16
       Elemental Force   |       |       |       |       |     2 ||     2
Evoke: Box of beasts     |       |       |       |       |     1 ||     1
       Condenser vane    |       |       |       |       |     1 ||     1
  Use: Potion            |     1 |       |     1 |     2 |     5 ||     9
       Scroll            |       |       |       |     1 |       ||     1
 Stab: Distracted        |       |       |     1 |       |       ||     1
Armor: Gold dragon scale |     1 |     2 |    34 |    39 |    23 ||    99
Dodge: Dodged            |       |     1 |       |       |    12 ||    13
       Repelled          |       |       |       |       |     2 ||     2
Block: Kite shield       |     3 |    10 |    77 |    50 |   101 ||   241

Table legend: (Time is in decaauts)
 A = Elapsed time spent in this place.
 B = Non-inter-level travel time spent in this place.
 C = Inter-level travel time spent in this place.
 D = Time resting spent in this place.
 E = Time spent auto-exploring this place.
 F = Levels seen in this place.
 G = Mean time per level.
                   A        B        C        D        E       F      G
               +--------+--------+--------+--------+--------+-----+--------+
         Total |   3063 |   3063 |      0 |   2347 |      0 |   1 | 3063.0 |
       Dungeon |   3063 |   3063 |      0 |   2347 |      0 |   1 | 3063.0 |
               +--------+--------+--------+--------+--------+-----+--------+

Top non-repeatable levels by time:
       D: 3063 daAuts
